 Dungeon Crawl Stone Soup version 0.31-a0-986-g5e6e4ef867 (webtiles) character file.

Game seed: 16393714344486676819

57 strifetoe the Shooter (level 4, -1/36 HPs)
             Began as a Meteoran Hunter on Nov 12, 2023.
             Slain by an iguana (12 damage)
             ... on level 4 of the Dungeon.
             The game lasted 00:04:59 (778 turns).

strifetoe the Shooter (Meteoran Hunter)              Turns: 778, Time: 00:05:00

Health: -1/36      AC:  6    Str: 12    XL:     4   Next: 41%
Magic:  5/5        EV:  9    Int: 10    God:
Gold:   93         SH:  0    Dex: 20    Spells: 3/3 levels left

rFire   . . .        j - +0 orcbow
rCold   . . .        (shield currently unavailable)
rNeg    . . .        h - +0 scale mail
rPois   .            (no helmet)
rElec   .            (no cloak)
rCorr   .            (no gloves)
SInv    .            (no boots)
Will    .....        (no amulet)
Stlth   +            (no ring)
HPRegen 0.26/turn    (no ring)
MPRegen 0.09/turn

%: no passive effects
@: glowing
A: sense surroundings 1, otherworldly, glowing, explore regen
a: no special abilities


You were on level 4 of the Dungeon.
You visited 1 branch of the dungeon, and saw 4 of its levels.

You collected 93 gold pieces.

Inventory:

Hand Weapons
 a - a +0 shortbow
 d - a +0 dagger
 e - a +0 short sword
 j - a +0 orcbow (weapon)
Armour
 c - a +0 leather armour
 h - a +0 scale mail (worn)
Scrolls
 b - a scroll of butterflies
 f - 2 scrolls of identify {unknown}
 i - 2 scrolls of teleportation {unknown}
Potions
 g - 2 potions of magic {unknown}


   Skills:
 - Level 2.1 Fighting
 + Level 6.0 Ranged Weapons
 - Level 2.1 Dodging
 - Level 0.6 Stealth


You had 3 spell levels left.
You didn't know any spells.
Your spell library contained the following spells:

 Spells                   Type           Power      Damage    Failure   Level
 Magic Dart               Conj           0%         1d3       91%         1
 Searing Ray              Conj           0%         2d4       97%         2
 Fulminant Prism          Conj/Hex       0%         3d5       100%        4


Dungeon Overview and Level Annotations

Branches:
Dungeon (4/15) Zot: 1602
 Temple: D:4-7

Altars:


Innate Abilities, Weirdness & Mutations

You passively map a small area around you.
You are easily found by Zot.
You glow in the dark.
You regain HP and MP as you explore.


Message History

You are too injured to fight recklessly!
You are too injured to fight recklessly!
Unknown command.
You are too injured to fight recklessly!
You are too injured to fight recklessly!
Fire: j) +0 orcbow
Press: ? - help, Q - select action Shift-Dir - straight line, f/p - orc priest
Aim: an orc priest, wielding a +0 club and wearing a +0 leather armour (almost dead, 59% to hit)
You shoot an arrow. The arrow hits the orc priest.
You kill the orc priest!
Your Ranged Weapons skill increases to level 6!
You have reached level 4!
Things that are here:
a +0 club; a +0 leather armour
Found a scroll labelled ILOLUP CITU.
i - 2 scrolls labelled ILOLUP CITU (gained 1)
An iguana comes into view.
The iguana hisses angrily.
Found a stone staircase leading down.
You shoot an arrow. The arrow barely misses the iguana.
The iguana bites you.
You shoot an arrow. The arrow hits the iguana!
The iguana is heavily wounded.
The iguana bites you!
You shoot an arrow. The arrow hits the iguana.
The iguana is heavily wounded.
The iguana closely misses you. The iguana bites you!
You are too injured to fight recklessly!
The iguana attacks as it pursues you! The iguana bites you.
Fire: j) +0 orcbow
Press: ? - help, Q - select action Shift-Dir - straight line, f/p - iguana
Aim: an iguana (heavily wounded, 64% to hit)
You shoot an arrow. The arrow hits the iguana.
The iguana is severely wounded.
The iguana barely misses you.
Fire: j) +0 orcbow
Press: ? - help, Q - select action Shift-Dir - straight line, f/p - iguana
Aim: an iguana (severely wounded, 64% to hit)
You shoot an arrow. The arrow closely misses the iguana.
The iguana bites you!
You die...

* , , ###### * .....#
, .....# , .....#
##############.....##*
,
#............+......#
,
#.#######...@l.......
,, #.# #............,
#.# * #...####..... ,
#.# >.....# .#*#...
##.####......# .., ..
, #.....#..#....*.#.
*#
#..##.#..#...##.#.^, ,
#..#*,#. ...##,##*##
#..# .#, , ©


You could see an iguana.

Vanquished Creatures
  An orc priest (D:4)
  3 orcs (D:4)
  2 bats
  An endoplasm (D:2)
  A giant cockroach (D:1)
  A goblin (D:1)
  3 hobgoblins (D:1)
  3 kobolds (D:1)
  A quokka (D:1)
  3 ball pythons
  4 frilled lizards (D:1)
  A rat (D:2)
24 creatures vanquished.

Notes
Turn   | Place    | Note
-------+----------+-------------------------------------------
     0 | D:1      | strifetoe the Meteoran Hunter began the quest for the Orb.
     0 | D:1      | Reached XP level 1. HP: 17/17 MP: 2/2
    45 | D:1      | Reached XP level 2. HP: 24/24 MP: 3/3
   230 | D:1      | Reached skill level 5 in Ranged Weapons
   460 | D:1      | Reached XP level 3. HP: 29/29 MP: 4/4
   741 | D:4      | Reached skill level 6 in Ranged Weapons
   741 | D:4      | Reached XP level 4. HP: 12/36 MP: 5/5
   778 | D:4      | Slain by an iguana

Illustrated notes

Levels and vault maps discovered:
D:1:      wander_arrival_fairy_ring, layout_basic
D:2:      layout_basic
D:3:      layout_loops_ring, nicolae_kikubaaqudgha_miasma_corner,
          nicolae_yredelemnul_ghost_church
D:4:      layout_basic, nicolae_overflow_hidden_temple,
          gammafunk_ghost_abyssal_escape, nicolae_eternal_life

Skill      XL: |  1  2  3 |
---------------+----------+-----
Ranged Weapons | 5 6 |  6.0
Fighting       | |  2.1
Dodging        | |  2.1
Stealth        | |  0.6

Action                     |  1- 3 |  4- 6 || total
---------------------------+-------+-------++-------
   Fire: Shortbow          |    39 |       ||    39
         Orcbow            |    17 |     5 ||    22
 Armour: Leather armour    |    13 |       ||    13
         Scale mail        |    10 |     5 ||    15
         Skin              |     1 |       ||     1
  Dodge: Dodged            |    26 |     2 ||    28

Table legend: (Time is in decaauts)
 A = Elapsed time spent in this place.
 B = Non-inter-level travel time spent in this place.
 C = Inter-level travel time spent in this place.
 D = Time resting spent in this place.
 E = Time spent auto-exploring this place.
 F = Levels seen in this place.
 G = Mean time per level.
                   A        B        C        D        E       F      G
               +--------+--------+--------+--------+--------+-----+--------+
         Total |    795 |    795 |      0 |    200 |     87 |   4 |  198.8 |
       Dungeon |    795 |    795 |      0 |    200 |     87 |   4 |  198.8 |
               +--------+--------+--------+--------+--------+-----+--------+

Top non-repeatable levels by time:
     D:1: 385 daAuts
     D:2: 199 daAuts
     D:3: 157 daAuts
     D:4: 53 daAuts
